[Event "ICC tourney 2767 (30 10)"]
[Site "Internet Chess Club"]
[Date "2021.12.18"]
[Round "3"]
[White "WEI, LUKE:caracleliem2"]
[Black "Nagarajan, Ramesh:rnagaraj"]
[Result "0-1"]
[ICCResult "White checkmated"]
[WhiteElo "1079"]
[BlackElo "1196"]
[Opening "Sicilian: accelerated fianchetto, modern variation"]
[ECO "B34"]
[NIC "SI.33"]
[Time "17:00:20"]
[PlyCount "60"]
[TimeControl "1800+10"]

1. e4 c5 2. Nf3 Nc6 3. d4 cxd4 4. Nxd4 g6 5. Nc3 Bg7 6. Be3 d6 7. Bc4 Nf6 8.
O-O Ng4 9. Nxc6 bxc6 10. Bd4 e5 11. Be3 O-O 12. Qd2 Nxe3 13. Qxe3 Bf6 14.
Rfd1 a5 15. Na4 Bg5 16. Qd3 Be7 17. Qe3 Kg7 18. Bb3 f5 19. c4 fxe4 20. Qxe4
Qc7 21. Rac1 Bf5 22. Qe3 h6 23. Qc3 Bg5 24. Ra1 Rae8 25. g3 Bh3 26. f4 Bf6
27. Qd2 exf4 28. gxf4 Qd7 29. Qxd6 Qg4+ 30. Kf2 Bh4# {White checkmated} 0-1

[Event "ICC tourney 2767 (30 10)"]
[Site "Internet Chess Club"]
[Date "2021.12.18"]
[Round "3"]
[White "HELLER, JACK G:Maximusiv"]
[Black "SPANTZEL, ARNOLD:ThorGodOfBlitz"]
[Result "1-0"]
[ICCResult "Black checkmated"]
[WhiteElo "872"]
[BlackElo "1068"]
[Opening "Evans gambit declined, 5.a4"]
[ECO "C51"]
[NIC "IG.05"]
[Time "17:00:18"]
[PlyCount "47"]
[TimeControl "1800+10"]

1. e4 e5 2. Nf3 Nc6 3. Bc4 Bc5 4. b4 Bb6 5. a4 a5 6. b5 Na7 7. Nxe5 Qf6 8.
Qf3 Qxf3 9. gxf3 Bd4 10. Nxf7 Bxa1 11. Nxh8 Nh6 12. d3 g6 13. c3 Nf5 14.
exf5 gxf5 15. Nf7 c6 16. Nd6+ Ke7 17. Nxf5+ Kd8 18. Bg5+ Kc7 19. Bf4+ Kd8
20. b6 Nb5 21. axb5 a4 22. Bf7 d6 23. Nxd6 Bd7 24. Bg5# {Black checkmated}
1-0

[Event "ICC tourney 2767 (30 10)"]
[Site "Internet Chess Club"]
[Date "2021.12.18"]
[Round "3"]
[White "HIBBS, ROBERT:BotanicalKnight"]
[Black "Zhan, Jayden Zihan:Viperchess001"]
[Result "1/2-1/2"]
[ICCResult "Game drawn by mutual agreement"]
[WhiteElo "1398"]
[BlackElo "1273"]
[Opening "Bird's opening"]
[ECO "A03"]
[NIC "VO.07"]
[Time "17:01:14"]
[PlyCount "85"]
[TimeControl "1800+10"]

1. f4 d5 2. e3 Nc6 3. d4 Bf5 4. c3 Nf6 5. Nf3 e6 6. Be2 Bd6 7. O-O Ne4 8.
Nbd2 O-O 9. Nxe4 Bxe4 10. Ne5 Nxe5 11. fxe5 Be7 12. Bf3 Bg6 13. Qe1 Bh4 14.
g3 Be7 15. e4 c6 16. exd5 cxd5 17. Qe2 Rc8 18. Bh5 Be4 19. Bf3 Bxf3 20. Rxf3
Rc7 21. Be3 Qc8 22. Raf1 Qe8 23. Qg2 b5 24. a3 a5 25. g4 f6 26. exf6 Rxf6
27. Rxf6 Bxf6 28. g5 Bd8 29. h4 Qg6 30. Qg4 h5 31. Qf3 Rf7 32. Qxf7+ Qxf7
33. Rxf7 Kxf7 34. Kf2 Kg6 35. Bf4 Kf5 36. Kf3 Be7 37. b4 Bd8 38. Bd6 axb4
39. axb4 g6 40. Be5 Be7 41. Bc7 Bf8 42. Be5 Be7 43. Bc7
{Game drawn by mutual agreement}
1/2-1/2

[Event "ICC tourney 2767 (30 10)"]
[Site "Internet Chess Club"]
[Date "2021.12.18"]
[Round "3"]
[White "THAPER, RISHUBH:MajorKey"]
[Black "ZHAO, DANSON:K01-30127679"]
[Result "1-0"]
[ICCResult "Black checkmated"]
[WhiteElo "1290"]
[BlackElo "1110"]
[Opening "QGD"]
[ECO "D51"]
[NIC "QO.16"]
[Time "17:01:14"]
[PlyCount "149"]
[TimeControl "1800+10"]

1. d4 d5 2. c4 e6 3. Nc3 Nf6 4. Bg5 Nbd7 5. e3 Be7 6. Nf3 h6 7. Bxf6 Nxf6 8.
cxd5 exd5 9. Rc1 Be6 10. Bd3 O-O 11. O-O c6 12. Re1 Qd7 13. Ne5 Qd8 14. Qb3
Rb8 15. Na4 Nd7 16. Nxd7 Qxd7 17. Nc5 Bxc5 18. Rxc5 Bf5 19. Rec1 Qe6 20.
Bxf5 Qxf5 21. f3 Qe6 22. Qd3 Rfe8 23. Kf2 Qe7 24. g3 Qe6 25. g4 Re7 26. Re1
Rbe8 27. Rc2 Qf6 28. Kg3 Qd6+ 29. Kg2 Qf6 30. Kg3 Qd6+ 31. Kg2 Qf6 32. Qd2
Qg5 33. Rc3 Re6 34. Qf2 R6e7 35. h4 Qg6 36. Qg3 Kh8 37. Qf4 Kg8 38. b4 Qf6
39. Qxf6 gxf6 40. a4 Kg7 41. f4 Kg6 42. f5+ Kg7 43. Kf3 Re4 44. b5 Rc8 45.
Rec1 Rce8 46. bxc6 bxc6 47. Rd3 Rc8 48. Rdc3 Rce8 49. Re1 Rc8 50. Rb1 Rc7
51. Rb8 Ree7 52. Rd8 Kh7 53. Rd6 Kg7 54. Rcxc6 Rxc6 55. Rxc6 Rd7 56. a5 h5
57. g5 fxg5 58. hxg5 Kh7 59. Rh6+ Kg7 60. Rxh5 Rd6 61. Kf4 f6 62. g6 Ra6 63.
Rh7+ Kg8 64. Rf7 Kh8 65. Kg4 Rxa5 66. Rxf6 Ra3 67. Kf4 a5 68. Ra6 Kg7 69.
Ra7+ Kf6 70. g7 Rxe3 71. Kxe3 Kxf5 72. g8=Q a4 73. Rf7+ Ke6 74. Qe8+ Kd6 75.
Qd7# {Black checkmated} 1-0

[Event "ICC tourney 2767 (30 10)"]
[Site "Internet Chess Club"]
[Date "2021.12.18"]
[Round "4"]
[White "SHI, WARREN:warren200"]
[Black "KUPPACHI, DHANVI HRUDAY:dkuppachi"]
[Result "1-0"]
[ICCResult "Black checkmated"]
[WhiteElo "822"]
[BlackElo "105"]
[Opening "Four knights: Italian variation"]
[ECO "C28"]
[NIC "VG.02"]
[Time "19:00:07"]
[PlyCount "43"]
[TimeControl "1800+10"]

1. e4 e5 2. Bc4 Nf6 3. Nc3 Nc6 4. Nf3 d6 5. O-O Bg4 6. h3 Bxf3 7. Qxf3 Nd4
8. Qd1 Qd7 9. Ne2 Nc6 10. d3 d5 11. exd5 Nxd5 12. Bxd5 Qxd5 13. Nc3 Qd7 14.
Be3 b6 15. Nb5 O-O-O 16. d4 Qd5 17. Nc3 Qd7 18. Qf3 f6 19. dxe5 fxe5 20. b4
Bxb4 21. Ne2 Nd4 22. Qa8# {Black checkmated} 1-0

[Event "ICC tourney 2767 (30 10)"]
[Site "Internet Chess Club"]
[Date "2021.12.18"]
[Round "4"]
[White "BANERJEE, ARJUN:ARJUNCHESS05"]
[Black "ANGEL, BORYS:BArkadia"]
[Result "0-1"]
[ICCResult "White checkmated"]
[WhiteElo "802"]
[BlackElo "1337"]
[Opening "Ruy Lopez: four knights (Tarrasch) variation"]
[ECO "C77"]
[NIC "RL.12"]
[Time "19:00:10"]
[PlyCount "32"]
[TimeControl "1800+10"]

1. e4 e5 2. Nf3 Nc6 3. Bb5 a6 4. Ba4 Nf6 5. Nc3 b5 6. Bb3 Bc5 7. a3 d6 8.
O-O Bg4 9. h3 Bh5 10. Nd5 Nd4 11. Nxf6+ Qxf6 12. g4 Nxf3+ 13. Kg2 Nh4+ 14.
Kh2 Qf4+ 15. Kg1 Qg3+ 16. Kh1 Qg2# {White checkmated} 0-1

[Event "ICC tourney 2767 (30 10)"]
[Site "Internet Chess Club"]
[Date "2021.12.18"]
[Round "4"]
[White "ZHAO, DANSON:K01-30127679"]
[Black "YADHUNANDAN, ADIDEV:Yadhunandan"]
[Result "1-0"]
[ICCResult "Black checkmated"]
[WhiteElo "1110"]
[BlackElo "756"]
[Opening "Scandinavian (center counter) defense"]
[ECO "B01"]
[NIC "SD.02"]
[Time "19:01:00"]
[PlyCount "151"]
[TimeControl "1800+10"]

1. e4 d5 2. exd5 Qxd5 3. Nc3 Qd8 4. Nf3 Nc6 5. d4 Nf6 6. Bf4 Bg4 7. Be3 e5
8. dxe5 Nxe5 9. Qxd8+ Rxd8 10. Nxe5 Bb4 11. Bd3 Nd5 12. Bd2 Be6 13. Nxd5
Bxd2+ 14. Kxd2 Rxd5 15. Nf3 O-O 16. Rad1 Rfd8 17. Kc1 Bg4 18. Be4 Rxd1+ 19.
Rxd1 Rxd1+ 20. Kxd1 b6 21. h3 Bxf3+ 22. Bxf3 c5 23. Kd2 a5 24. Kc3 Kf8 25.
Kc4 Ke7 26. Kb5 Kd6 27. Kxb6 a4 28. Kb5 a3 29. b3 g5 30. Ka4 c4 31. Kxa3
cxb3 32. axb3 Kc5 33. Kb2 Kb4 34. c3+ Kb5 35. Bd5 f5 36. Be6 f4 37. Bf5 h5
38. g4 hxg4 39. hxg4 f3 40. Be4 Ka5 41. Bxf3 Kb5 42. Be4 Ka5 43. f4 gxf4 44.
g5 f3 45. g6 f2 46. Bd3 f1=Q 47. Bxf1 Kb6 48. g7 Kc5 49. Bc4 Kc6 50. b4 Kb6
51. g8=Q Kc6 52. Qd5+ Kc7 53. Qc6+ Kxc6 54. Kb3 Kb6 55. Bd5 Kb5 56. c4+ Kb6
57. c5+ Kc7 58. Bc4 Kb7 59. b5 Kc7 60. Kb4 Kb7 61. Bd5+ Ka7 62. b6+ Kb8 63.
Ba8 Kxa8 64. c6 Kb8 65. Kc5 Kc8 66. b7+ Kb8 67. Kd6 Ka7 68. Kc7 Ka6 69. b8=Q
Ka5 70. Kd6 Ka4 71. Kc5 Ka3 72. Kc4 Ka2 73. Kc3 Ka1 74. Kc2 Ka2 75. Qb3+ Ka1
76. Qa3# {Black checkmated} 1-0

[Event "ICC tourney 2767 (30 10)"]
[Site "Internet Chess Club"]
[Date "2021.12.18"]
[Round "4"]
[White "SPANTZEL, ARNOLD:ThorGodOfBlitz"]
[Black "Barnhart, Randolph Earl :REB1958"]
[Result "1-0"]
[ICCResult "Black checkmated"]
[WhiteElo "1068"]
[BlackElo "670"]
[Opening "Damiano's defense"]
[ECO "C40"]
[NIC "KP.10"]
[Time "19:00:10"]
[PlyCount "47"]
[TimeControl "1800+10"]

1. e4 e5 2. Nf3 f6 3. Bc4 Ne7 4. c3 h5 5. Qb3 d5 6. Bxd5 c6 7. Bf7+ Kd7 8.
d4 h4 9. dxe5 h3 10. e6+ Kc7 11. Bf4+ Qd6 12. Bxd6+ Kxd6 13. g3 Na6 14. Qd1+
Kc7 15. Na3 Nc5 16. Nc4 Nxe4 17. b3 b6 18. Qd3 f5 19. Rd1 Ba6 20. Qd7+ Kb8
21. Qd8+ Bc8 22. Rd7 Nd5 23. e7 Nxe7 24. Qc7# {Black checkmated} 1-0

[Event "ICC tourney 2767 (30 10)"]
[Site "Internet Chess Club"]
[Date "2021.12.18"]
[Round "4"]
[White "Zhan, Jayden Zihan:Viperchess001"]
[Black "WEI, LUKE:caracleliem2"]
[Result "1-0"]
[ICCResult "Black resigns"]
[WhiteElo "1273"]
[BlackElo "1079"]
[Opening "Sicilian: Nimzovich-Rossolimo attack (without ...d6)"]
[ECO "B30"]
[NIC "SI.31"]
[Time "19:00:10"]
[PlyCount "71"]
[TimeControl "1800+10"]

1. e4 c5 2. Nf3 Nc6 3. Bb5 Nf6 4. d3 g6 5. Be3 d6 6. Nc3 Bg7 7. O-O Bd7 8.
Re1 O-O 9. Bc4 a6 10. a3 Na5 11. Ba2 b5 12. b4 cxb4 13. axb4 Nc6 14. Rb1 Rc8
15. Nd5 Nxd5 16. Bxd5 Qc7 17. Qe2 Bc3 18. Bd2 Nxb4 19. Bxc3 Qxc3 20. Rb3 Qc5
21. d4 Qxc2 22. Rxb4 Bg4 23. Qxc2 Rxc2 24. Bb7 Ra2 25. Bd5 Rc2 26. e5 Rfc8
27. exd6 exd6 28. Ng5 Be6 29. Nxe6 fxe6 30. Bxe6+ Kf8 31. Bxc8 Rxc8 32. g3
Rc4 33. Rxc4 bxc4 34. Ra1 c3 35. Rxa6 c2 36. Rc6 {Black resigns} 1-0

[Event "ICC tourney 2767 (30 10)"]
[Site "Internet Chess Club"]
[Date "2021.12.18"]
[Round "4"]
[White "Nagarajan, Ramesh:rnagaraj"]
[Black "THAPER, RISHUBH:MajorKey"]
[Result "1-0"]
[ICCResult "Black checkmated"]
[WhiteElo "1196"]
[BlackElo "1290"]
[Opening "KGA: Allgaier, Walker attack"]
[ECO "C39"]
[NIC "KG.01"]
[Time "19:00:08"]
[PlyCount "45"]
[TimeControl "1800+10"]

1. e4 e5 2. f4 exf4 3. Nf3 g5 4. h4 g4 5. Ng5 h6 6. Nxf7 Kxf7 7. Bc4+ Ke7 8.
Qxg4 d5 9. Qxf4 dxc4 10. Qe5+ Be6 11. Qxh8 Nf6 12. Nc3 Qd6 13. O-O Qd4+ 14.
Kh1 Nbd7 15. d3 cxd3 16. cxd3 Qxd3 17. Bf4 Kf7 18. Rad1 Qc4 19. Bxh6 Kg6 20.
Bg5 Bg4 21. Bxf6 Bxd1 22. Rf5 Bd6 23. Qg7# {Black checkmated} 1-0

[Event "ICC tourney 2767 (30 10)"]
[Site "Internet Chess Club"]
[Date "2021.12.18"]
[Round "4"]
[White "SMITH, CHRISTOPHER:Cosmosaic"]
[Black "VIJEYANANDH, VISHNU:vishnuvijey"]
[Result "0-1"]
[ICCResult "White checkmated"]
[WhiteElo "488"]
[BlackElo "393"]
[Opening "English opening"]
[ECO "A10"]
[NIC "EO.64"]
[Time "19:01:00"]
[PlyCount "66"]
[TimeControl "1800+10"]

1. c4 d5 2. d3 dxc4 3. Qa4+ c6 4. Qxc4 Nf6 5. f3 e5 6. Bg5 Be6 7. Qc1 Bb4+
8. Nc3 h6 9. Bxf6 Qxf6 10. a3 Ba5 11. b4 Bb6 12. Ne4 Qe7 13. g4 Bd4 14. Rb1
Ba2 15. e3 Bxb1 16. exd4 Ba2 17. Qe3 exd4 18. Qxd4 Bd5 19. Qxg7 Rf8 20. Qxh6
a5 21. bxa5 Rxa5 22. Qf4 Nd7 23. Qc7 Rxa3 24. Kf2 Qh4+ 25. Ke3 Bxe4 26. Qc8+
Ke7 27. Qc7 Qe1+ 28. Be2 Bxd3 29. Kf4 Ra4+ 30. Ke3 Re8 31. Qg3 Kf8+ 32. Kxd3
Nc5+ 33. Kc2 Ra2# {White checkmated} 0-1

[Event "ICC tourney 2767 (30 10)"]
[Site "Internet Chess Club"]
[Date "2021.12.18"]
[Round "4"]
[White "HIBBS, ROBERT:BotanicalKnight"]
[Black "HELLER, JACK G:Maximusiv"]
[Result "1/2-1/2"]
[ICCResult "Game drawn by mutual agreement"]
[WhiteElo "1398"]
[BlackElo "872"]
[Opening "Scandinavian (center counter) defense"]
[ECO "B01"]
[NIC "VO.17"]
[Time "19:00:17"]
[PlyCount "54"]
[TimeControl "1800+10"]

1. e4 d5 2. e5 Bf5 3. f4 Nc6 4. d3 e6 5. Nf3 Bc5 6. d4 Bb6 7. g3 Be4 8. c3
Qd7 9. Bg2 O-O-O 10. O-O Nge7 11. Nbd2 Bg6 12. b4 Nf5 13. Nb3 f6 14. a4 a6
15. b5 Na5 16. bxa6 bxa6 17. g4 Nh6 18. h3 Nf7 19. Nxa5 Bxa5 20. Qe2 Qc6 21.
Bd2 fxe5 22. fxe5 h5 23. g5 Be4 24. h4 Bxf3 25. Bxf3 Bxc3 26. Bxc3 Qxc3 27.
Qxa6+ Kd7 {Game drawn by mutual agreement} 1/2-1/2

[Event "ICC tourney 2767 (30 10)"]
[Site "Internet Chess Club"]
[Date "2021.12.18"]
[Round "4"]
[White "BAPURAM, ATHARV:AtharvRB"]
[Black "MA, YUNHUI:K03-16857748"]
[Result "0-1"]
[ICCResult "White resigns"]
[WhiteElo "1016"]
[BlackElo "710"]
[Opening "QGD: Harrwitz attack"]
[ECO "D35"]
[NIC "QO.16"]
[Time "19:00:27"]
[PlyCount "80"]
[TimeControl "1800+10"]

1. d4 d5 2. c4 e6 3. Nc3 Nf6 4. Bf4 c5 5. e3 Nc6 6. Nb5 e5 7. dxe5 Nd7 8. e6
Nde5 9. exf7+ Kxf7 10. cxd5 a6 11. dxc6 Qa5+ 12. Nc3 Nxc6 13. Bc4+ Ke8 14.
Qh5+ g6 15. Qd5 Be7 16. Qf7+ Kd8 17. Rd1+ Bd7 18. Be6 Nd4 19. exd4 Rf8 20.
Qxh7 Bxe6 21. dxc5+ Ke8 22. Qxg6+ Bf7 23. Qe4 Bxa2 24. Bd6 Rf7 25. Qxb7 Rd8
26. Qc6+ Kf8 27. Bxe7+ Rxe7+ 28. Ne2 Rxd1+ 29. Kxd1 Bb3+ 30. Ke1 Qa1+ 31.
Kd2 Qxb2+ 32. Kd3 Bc2+ 33. Kc4 Qb3+ 34. Kd4 Qb4+ 35. Kd5 Be4+ 36. Kd6 Bxc6
37. Rb1 Qc4 38. Rb8+ Kf7 39. Nf4 Qxf4+ 40. Kxc6 Qxb8 {White resigns} 0-1

[Event "ICC tourney 2767 (30 10)"]
[Site "Internet Chess Club"]
[Date "2021.12.18"]
[Round "5"]
[White "MA, YUNHUI:K03-16857748"]
[Black "ZHAO, DANSON:K01-30127679"]
[Result "1-0"]
[ICCResult "Black resigns"]
[WhiteElo "710"]
[BlackElo "1110"]
[Opening "Giuoco Pianissimo: Italian four knights variation"]
[ECO "C50"]
[NIC "IG.02"]
[Time "21:00:25"]
[PlyCount "51"]
[TimeControl "1800+10"]

1. e4 e5 2. Nf3 Nc6 3. Bc4 Bc5 4. Nc3 Nf6 5. d3 h6 6. O-O d6 7. h3 O-O 8.
Be3 Bb6 9. d4 exd4 10. Nxd4 Nxd4 11. Bxd4 Bxd4 12. Qxd4 Re8 13. Rad1 Be6 14.
Bb3 Bxb3 15. axb3 Qe7 16. Rfe1 a6 17. Nd5 Nxd5 18. exd5 Qd7 19. Rxe8+ Rxe8
20. Rd3 Qf5 21. Rf3 Qe5 22. Qg4 Qxd5 23. Rd3 Qe6 24. Re3 Qxg4 25. Rxe8+ Kh7
26. hxg4 {Black resigns} 1-0

[Event "ICC tourney 2767 (30 10)"]
[Site "Internet Chess Club"]
[Date "2021.12.18"]
[Round "5"]
[White "BANERJEE, ARJUN:ARJUNCHESS05"]
[Black "BAPURAM, ATHARV:AtharvRB"]
[Result "0-1"]
[ICCResult "White checkmated"]
[WhiteElo "802"]
[BlackElo "1016"]
[Opening "Sicilian"]
[ECO "B50"]
[NIC "SI.01"]
[Time "21:00:07"]
[PlyCount "160"]
[TimeControl "1800+10"]

1. e4 c5 2. Nf3 d6 3. Bc4 Nf6 4. Nc3 g6 5. d4 cxd4 6. Qxd4 Bg7 7. a3 O-O 8.
e5 Nfd7 9. Qf4 Nxe5 10. Nxe5 Bxe5 11. Qf3 Nc6 12. Bb5 Bd7 13. Bxc6 Bxc6 14.
Qh3 Qc8 15. Qxc8 Raxc8 16. O-O Bd7 17. Bh6 Rfd8 18. Nd5 Bf6 19. Rfe1 Be6 20.
Nxf6+ exf6 21. h3 Rxc2 22. b4 d5 23. Re3 d4 24. Rf3 f5 25. Bg5 Rd7 26. a4 d3
27. Rd1 d2 28. Kh2 Bb3 29. a5 Rb2 30. Re3 Kg7 31. Re2 Bxd1 32. Re3 Ba4 33.
Re5 d1=Q 34. Kg3 Rd3+ 35. f3 Qe1+ 36. Rxe1 Rxb4 37. Re7 h5 38. a6 bxa6 39.
Rxa7 Bb5 40. h4 Ra4 41. Rb7 Rd7 42. Rb6 Bd3 43. Kf2 Ra2+ 44. Kg3 a5 45. Kf4
a4 46. Ke5 a3 47. Bf6+ Kh6 48. Bg5+ Kh7 49. Kf6 Re2 50. g4 Re6+ 51. Rxe6
fxe6 52. Kxe6 Ra7 53. Bf6 a2 54. gxh5 a1=Q 55. Bxa1 Rxa1 56. hxg6+ Kxg6 57.
f4 Re1+ 58. Kd5 Be4+ 59. Ke5 Kf7 60. Kd6 Kf6 61. Kd7 Rd1+ 62. Kc7 Ke6 63.
Kb6 Kd6 64. h5 Rb1+ 65. Ka5 Kc5 66. Ka4 Kc4 67. Ka3 Kc3 68. Ka2 Bd5+ 69.
Kxb1 Bf7 70. h6 Bg6 71. Kc1 Kd3 72. Kd1 Ke4 73. Ke1 Kxf4 74. Kf2 Kg4 75. Ke3
f4+ 76. Kf2 f3 77. Kf1 Kg3 78. Kg1 f2+ 79. Kf1 Kf3 80. h7 Bd3#
{White checkmated}
0-1

[Event "ICC tourney 2767 (30 10)"]
[Site "Internet Chess Club"]
[Date "2021.12.18"]
[Round "5"]
[White "Zhan, Jayden Zihan:Viperchess001"]
[Black "Nagarajan, Ramesh:rnagaraj"]
[Result "0-1"]
[ICCResult "White checkmated"]
[WhiteElo "1273"]
[BlackElo "1196"]
[Opening "Sicilian: closed, 2...Nc6"]
[ECO "B23"]
[NIC "SI.44"]
[Time "21:00:25"]
[PlyCount "62"]
[TimeControl "1800+10"]

1. e4 c5 2. Nc3 Nc6 3. Nf3 g6 4. b3 Bg7 5. Bb2 Nf6 6. Bc4 Nxe4 7. Nxe4 Bxb2
8. Rb1 Bg7 9. Nfg5 d5 10. Qf3 Ne5 11. Bb5+ Bd7 12. Bxd7+ Qxd7 13. Qe2 dxe4
14. Nxe4 Qc6 15. O-O O-O 16. d3 f5 17. Ng3 f4 18. Qe4 fxg3 19. Qxc6 gxf2+
20. Rxf2 Nxc6 21. Rxf8+ Rxf8 22. g3 Bd4+ 23. Kg2 Rf2+ 24. Kh3 Rxc2 25. a4
Ne5 26. Rd1 h5 27. a5 Ng4 28. Kh4 Rxh2+ 29. Kg5 Kh7 30. Kf4 Rf2+ 31. Ke4
Nf6# {White checkmated} 0-1

[Event "ICC tourney 2767 (30 10)"]
[Site "Internet Chess Club"]
[Date "2021.12.18"]
[Round "5"]
[White "ANGEL, BORYS:BArkadia"]
[Black "SHI, WARREN:warren200"]
[Result "1-0"]
[ICCResult "Black resigns"]
[WhiteElo "1337"]
[BlackElo "822"]
[Opening "King's pawn game"]
[ECO "C50"]
[NIC "IG.03"]
[Time "21:00:04"]
[PlyCount "36"]
[TimeControl "1800+10"]

1. e4 e5 2. Nf3 Nc6 3. Bc4 h6 4. d4 exd4 5. Nxd4 Nxd4 6. Qxd4 d6 7. O-O Nf6
8. Nc3 Be7 9. Be3 O-O 10. h3 c5 11. Qd3 Be6 12. Rad1 Bxc4 13. Qxc4 Qb6 14.
f4 Qxb2 15. e5 dxe5 16. fxe5 Nh5 17. Rd7 Rfe8 18. Rxf7 Qb4 {Black resigns}
1-0

[Event "ICC tourney 2767 (30 10)"]
[Site "Internet Chess Club"]
[Date "2021.12.18"]
[Round "5"]
[White "KUPPACHI, DHANVI HRUDAY:dkuppachi"]
[Black "SMITH, CHRISTOPHER:Cosmosaic"]
[Result "0-1"]
[ICCResult "White checkmated"]
[WhiteElo "105"]
[BlackElo "488"]
[Opening "Van't Kruijs opening"]
[ECO "A00"]
[Time "21:00:07"]
[PlyCount "78"]
[TimeControl "1800+10"]

1. e3 e5 2. e4 Nf6 3. Nc3 c6 4. Bc4 Bb4 5. a3 Bxc3 6. dxc3 b5 7. Bd3 Na6 8.
Nf3 d6 9. Bg5 h6 10. Bxf6 gxf6 11. O-O Bg4 12. h3 Bxf3 13. Qxf3 Nc5 14. Be2
Qe7 15. Qg4 Qf8 16. Qf5 Qg7 17. Bg4 Rg8 18. Rad1 Rd8 19. b4 Na4 20. Rxd6
Rxd6 21. Qc8+ Rd8 22. Bd7+ Ke7 23. Qa6 Rxd7 24. Qxc6 Qg6 25. g3 Rgd8 26. Kg2
Nb6 27. Qc5+ Ke8 28. Qc6 Nc4 29. Rd1 Nxa3 30. f3 Nxc2 31. Rxd7 Rxd7 32. Qa8+
Ke7 33. Qc6 Rd2+ 34. Kf1 Qxg3 35. Qc5+ Kd8 36. Qf8+ Kc7 37. Qxf7+ Rd7 38.
Qxf6 Rd1+ 39. Ke2 Qe1# {White checkmated} 0-1

[Event "ICC tourney 2767 (30 10)"]
[Site "Internet Chess Club"]
[Date "2021.12.18"]
[Round "5"]
[White "VIJEYANANDH, VISHNU:vishnuvijey"]
[Black "Merriman, Dann Hu:theLittlePetey"]
[Result "0-1"]
[ICCResult "White checkmated"]
[WhiteElo "393"]
[BlackElo "1197"]
[Opening "Giuoco Pianissimo: Italian four knights variation"]
[ECO "C50"]
[NIC "IG.02"]
[Time "21:00:26"]
[PlyCount "76"]
[TimeControl "1800+10"]

1. e4 e5 2. Nf3 Nc6 3. Bc4 Bc5 4. Nc3 Nf6 5. d3 h6 6. Be3 Bb6 7. O-O d6 8.
h3 Be6 9. Bb3 O-O 10. Qd2 Qe7 11. Nd5 Bxd5 12. exd5 Na5 13. Rad1 Nxb3 14.
axb3 Bxe3 15. Qxe3 Nxd5 16. Qe4 c6 17. c4 Nf6 18. Qe3 Rfe8 19. d4 e4 20. Nd2
d5 21. f3 exf3 22. Qxe7 Rxe7 23. Nxf3 Re3 24. Nd2 Rd3 25. Rf4 Re8 26. Kf2
Ne4+ 27. Ke2 Nc5+ 28. Ne4 Rxd1 29. Kxd1 Nxe4 30. g4 Ng5 31. h4 Ne6 32. Rf2
Nxd4 33. Rd2 Nxb3 34. Rd3 dxc4 35. Rc3 b5 36. Kc2 Re2+ 37. Kb1 Re1+ 38. Ka2
Ra1# {White checkmated} 0-1

[Event "ICC tourney 2767 (30 10)"]
[Site "Internet Chess Club"]
[Date "2021.12.18"]
[Round "5"]
[White "THAPER, RISHUBH:MajorKey"]
[Black "HELLER, JACK G:Maximusiv"]
[Result "1/2-1/2"]
[ICCResult "Game drawn by repetition"]
[WhiteElo "1290"]
[BlackElo "872"]
[Opening "Budapest: Adler variation"]
[ECO "A52"]
[NIC "QG.01"]
[Time "21:00:25"]
[PlyCount "73"]
[TimeControl "1800+10"]

1. d4 Nf6 2. c4 e5 3. dxe5 Ng4 4. Nf3 Bc5 5. e3 Nc6 6. Nc3 O-O 7. Qd5 Bb6 8.
Bd3 Re8 9. Qe4 g6 10. Qxg4 Nxe5 11. Nxe5 Rxe5 12. Qf4 d6 13. Nd5 c6 14. Nf6+
Kg7 15. Ng4 Bxg4 16. Qxg4 Ba5+ 17. Bd2 Bxd2+ 18. Kxd2 Qa5+ 19. Ke2 d5 20.
Qd4 f6 21. f4 c5 22. Qc3 Rxe3+ 23. Kd2 Qc7 24. Kxe3 d4+ 25. Qxd4 cxd4+ 26.
Kxd4 Qxf4+ 27. Kc3 Qe5+ 28. Kc2 Rc8 29. Rae1 Qa5 30. Re7+ Kh6 31. a3 Qa4+
32. Kc3 b5 33. Re4 Qa5+ 34. Kc2 Qa4+ 35. Kc3 Qa5+ 36. Kc2 Qa4+ 37. Kc3
{Game drawn by repetition}
1/2-1/2

[Event "ICC tourney 2767 (30 10)"]
[Site "Internet Chess Club"]
[Date "2021.12.18"]
[Round "5"]
[White "YADHUNANDAN, ADIDEV:Yadhunandan"]
[Black "SPANTZEL, ARNOLD:ThorGodOfBlitz"]
[Result "0-1"]
[ICCResult "White checkmated"]
[WhiteElo "756"]
[BlackElo "1068"]
[Opening "QGD semi-Slav"]
[ECO "D43"]
[NIC "SL.03"]
[Time "21:00:26"]
[PlyCount "124"]
[TimeControl "1800+10"]

1. d4 d5 2. c4 Nf6 3. Nc3 c6 4. Nf3 e6 5. cxd5 cxd5 6. a3 Nc6 7. Bf4 Qb6 8.
Qc2 Be7 9. O-O-O Bd7 10. e3 Na5 11. b4 Nc4 12. Bxc4 dxc4 13. d5 Nxd5 14.
Nxd5 exd5 15. Rxd5 c3 16. Ne5 Bc6 17. Nxc6 Qxc6 18. Qe4 Qe6 19. Qxe6 fxe6
20. Re5 Kf7 21. Bg5 Bxg5 22. Rxg5 Rac8 23. Rc5 Rxc5 24. bxc5 Rc8 25. Kc2
Rxc5 26. Rd1 Rc7 27. f4 Kf6 28. g4 b5 29. Rd6 g6 30. h4 h5 31. g5+ Ke7 32.
Rd4 a5 33. e4 a4 34. f5 exf5 35. exf5 gxf5 36. Rd5 b4 37. axb4 Ra7 38. Rd1
f4 39. Kxc3 a3 40. Kb3 a2 41. b5 a1=Q 42. Rxa1 Rxa1 43. Kc4 Rb1 44. g6 Rxb5
45. Kxb5 f3 46. g7 Kf7 47. g8=Q+ Kxg8 48. Kc4 f2 49. Kd3 f1=Q+ 50. Ke3 Qh3+
51. Kf4 Qxh4+ 52. Kf5 Qg4+ 53. Kf6 h4 54. Ke7 h3 55. Ke8 h2 56. Ke7 h1=Q 57.
Kf6 Qf1+ 58. Ke7 Qge2+ 59. Kd6 Qfd1+ 60. Kc5 Qec2+ 61. Kb4 Qdb1+ 62. Ka3
Qca2# {White checkmated} 0-1

[Event "ICC tourney 2767 (30 10)"]
[Site "Internet Chess Club"]
[Date "2021.12.18"]
[Round "5"]
[White "WEI, LUKE:caracleliem2"]
[Black "HIBBS, ROBERT:BotanicalKnight"]
[Result "1/2-1/2"]
[ICCResult "Game drawn by mutual agreement"]
[WhiteElo "1079"]
[BlackElo "1398"]
[Opening "Caro-Kann defense"]
[ECO "B10"]
[NIC "CK.01"]
[Time "21:00:25"]
[PlyCount "110"]
[TimeControl "1800+10"]

1. e4 c6 2. Nf3 d5 3. exd5 cxd5 4. Nc3 Nc6 5. d4 Bg4 6. h3 Bh5 7. Be2 e6 8.
O-O Nf6 9. Bg5 Be7 10. Re1 O-O 11. Ne5 Bg6 12. Bb5 Rc8 13. Nxg6 hxg6 14. Qd2
a6 15. Bd3 Qb6 16. Rab1 Qxd4 17. Be3 Qb4 18. a3 Qa5 19. Be2 Rfd8 20. Na2
Qxd2 21. Bxd2 Ne4 22. Bf4 b5 23. Bd3 Nf6 24. Nc3 Na5 25. b3 Rxc3 26. Bd2 d4
27. Bxc3 dxc3 28. b4 Nc4 29. Rb3 Nd5 30. Be4 Nd2 31. Bxd5 Nxb3 32. Bxb3 Rd2
33. g3 Bf6 34. Kf1 Bd4 35. Re2 Kf8 36. Ke1 Ke7 37. f4 Rxe2+ 38. Kxe2 Kd6 39.
Kd3 Bf6 40. g4 Bh4 41. Kxc3 Bg3 42. f5 gxf5 43. gxf5 exf5 44. Bxf7 g5 45.
Kd4 Bf2+ 46. Kd3 g4 47. hxg4 fxg4 48. Bh5 g3 49. Bf3 Kc7 50. c4 bxc4+ 51.
Kxc4 Kb6 52. a4 a5 53. b5 Be1 54. Bg2 Bb4 55. Kd5 Be1
{Game drawn by mutual agreement}
1/2-1/2